 Dungeon Crawl Stone Soup version 0.29-a0-997-gf6f7e2dfe7 (webtiles) character file.

Game seed: 14524542772790053423

40 Newt the Ducker (level 3, -1/27 HPs)
             Began as a Demonspawn Gladiator on Aug 4, 2022.
             Slain by an orc
             ... wielding a +0 dagger
              (4 damage)
             ... on level 2 of the Dungeon.
             The game lasted 00:01:45 (857 turns).

Newt the Ducker (Demonspawn Gladiator)               Turns: 857, Time: 00:01:46

Health: -1/27      AC:  4    Str: 16    XL:     3   Next: 30%
Magic:  3/3        EV: 12    Int:  9    God:
Gold:   40         SH:  0    Dex: 14    Spells: 2/2 levels left

rFire   . . .      SeeInvis .   a - +0 trident
rCold   . . .      Faith    .   (no shield)
rNeg    . . .      Spirit   .   b - +0 leather armour
rPois   .          Reflect  .   c - +0 helmet
rElec   .          Harm     .   (no cloak)
rCorr   .          Rampage  .   (no gloves)
Will    .....                   (no boots)
Stlth   +.........              (no amulet)
HPRegen 0.09/turn               (no ring)
MPRegen 0.08/turn               (no ring)

@: no status effects
A: powered by pain 1, weakness stinger 1
a: no special abilities


You were on level 2 of the Dungeon.
You visited 1 branch of the dungeon, and saw 2 of its levels.

You collected 40 gold pieces.

Inventory:

Hand Weapons
 a - a +0 trident (weapon)
 h - a +0 short sword
Missiles
 d - 3 throwing nets
 e - a javelin
 g - 24 stones (quivered)
Armour
 b - a +0 leather armour (worn)
 c - a +0 helmet (worn)
Scrolls
 f - a scroll of poison {unknown}
 i - a scroll of enchant armour {unknown}
 j - 3 scrolls of identify {unknown}
 l - a scroll of fog {unknown}
Potions
 k - a potion of flight {unknown}
 m - a potion of might {unknown}


   Skills:
 + Level 2.2 Fighting
 + Level 3.1 Polearms
 * Level 2.2 Throwing
 + Level 0.3 Armour
 + Level 3.1 Dodging


You had 2 spell levels left.
You didn't know any spells.
Your spell library was empty.

Dungeon Overview and Level Annotations

Branches:
Dungeon (2/15)

Altars:


Innate Abilities, Weirdness & Mutations

You sometimes gain a little power by taking damage.
You have a small tail.


Message History

You kill the hobgoblin!
The orc throws a boomerang.
The boomerang barely misses you.
Unknown command.
Reach: a) +0 trident
Press: ? - help, Dir - move target, f - hobgoblin
Aim: a hobgoblin (about 41% to evade your +0 trident)
You reach to attack!
You barely miss the hobgoblin.
Unknown command.
Reach: a) +0 trident
Press: ? - help, Dir - move target, f/p - hobgoblin
Aim: a hobgoblin (about 41% to evade your +0 trident)
You hit the hobgoblin but do no damage. The hobgoblin hits you.
* * * LOW HITPOINT WARNING * * *
Unknown command.
Reach: a) +0 trident
Press: ? - help, Dir - move target, f/p - hobgoblin
Aim: a hobgoblin (about 41% to evade your +0 trident)
You hit the hobgoblin.
You kill the hobgoblin!
The orc throws a boomerang.
The boomerang hits you.
* * * LOW HITPOINT WARNING * * *
Throw: 27 stones
Press: ? - help, Q - select action, (/) - cycle Shift-Dir - straight line, f - orc
Aim: an orc, wielding a +0 dagger and quivering boomerangs (60% to hit)
You throw a stone. The stone closely misses the orc.
Throw: 26 stones
Press: ? - help, Q - select action, (/) - cycle Shift-Dir - straight line, f/p - orc
Aim: an orc, wielding a +0 dagger and quivering boomerangs (60% to hit)
You throw a stone. The stone barely misses the orc.
Throw: 25 stones
Press: ? - help, Q - select action, (/) - cycle Shift-Dir - straight line, f/p - orc
Aim: an orc, wielding a +0 dagger and quivering boomerangs (60% to hit)
You throw a stone. The stone barely misses the orc.
The orc throws a boomerang.
The boomerang closely misses you.
Reach: a) +0 trident
Press: ? - help, Dir - move target, f/p - orc
Aim: an orc, wielding a +0 dagger and quivering boomerangs (about 41% to evade your +0 trident)
You reach to attack!
You barely miss the orc. The orc hits you with a +0 dagger.
You die...

.## ..# #.>. ..# . ..
#.. . .### ..# #. ...
#.# ##.#.##.# #.#
........#####.######.#.
...#.#.................
......)@#####.####.....
...###o## #.# #. # .).
#.# #. #..#. ##.# #.#
#. #..##. #..# #.# #.#
$... #. #.## #.# #..
.8# #. #.# #.# #.. .$
#. #.# #.# #.. #.# #.#
#..


You could see an orc.

Vanquished Creatures
  2 orcs (D:2)
  7 bats
  An endoplasm (D:1)
  2 giant cockroaches (D:1)
  3 goblins
  4 hobgoblins
  5 kobolds
  2 quokkas (D:1)
  2 ball pythons (D:1)
  3 frilled lizards (D:1)
  4 rats
35 creatures vanquished.

Notes
Turn   | Place    | Note
-------+----------+-------------------------------------------
     0 | D:1      | Newt the Demonspawn Gladiator began the quest for the Orb.
     0 | D:1      | Reached XP level 1. HP: 16/16 MP: 1/1
    79 | D:1      | Found a faded altar of an unknown god.
   104 | D:1      | Gained mutation: You sometimes gain a little power by
                  | taking damage. [demonic ancestry]
   104 | D:1      | Reached XP level 2. HP: 19/22 MP: 2/2
   730 | D:2      | Gained mutation: You have a small tail. [demonic ancestry]
   730 | D:2      | Reached XP level 3. HP: 25/27 MP: 3/3
   857 | D:2      | Slain by an orc

Illustrated notes

Levels and vault maps discovered:
D:1:      dpeg_arrival_rooms_c, layout_basic,
          ebering_ecumenical_altar_sacrificial
D:2:      kennysheep_the_goblin_king, layout_loops_ring,
          hangedman_decor_growths, guppyfry_early_orc_mine

Skill      XL: |  1  2 |
---------------+-------+-----
Dodging        | 3 |  3.1
Throwing       | 2 |  2.2
Polearms       | 3 |  3.1
Fighting       | |  2.2
Armour         | |  0.3

Action                   || total
-------------------------++-------
Melee: Trident           ||   105
       Tailslap          ||     3
Throw: Stone             ||     8
  Use: Scroll            ||     1
 Stab: Sleeping          ||     3
Armor: Leather armour    ||    43
Dodge: Dodged            ||    79

Table legend: (Time is in decaauts)
 A = Elapsed time spent in this place.
 B = Non-inter-level travel time spent in this place.
 C = Inter-level travel time spent in this place.
 D = Time resting spent in this place.
 E = Time spent auto-exploring this place.
 F = Levels seen in this place.
 G = Mean time per level.
                   A        B        C        D        E       F      G
               +--------+--------+--------+--------+--------+-----+--------+
         Total |    871 |    790 |     81 |      0 |    581 |   2 |  435.5 |
       Dungeon |    871 |    790 |     81 |      0 |    581 |   2 |  435.5 |
               +--------+--------+--------+--------+--------+-----+--------+

Top non-repeatable levels by time:
     D:1: 732 daAuts
     D:2: 139 daAuts
